 Dungeon Crawl Stone Soup version 0.31-a0-187-gba352fbbf7 (webtiles) character file.

Game seed: 17049700275874805787

171 qw the Skirmisher (level 5, -1/29 HPs)
             Began as a Deep Elf Hunter on June 22, 2023.
             Was an Initiate of Okawaru.
             Slain by a gnoll bouda
             ... wielding a +0 club
              (6 damage)
             ... on level 4 of the Dungeon.
             The game lasted 00:00:59 (2383 turns).

qw the Skirmisher (Deep Elf Hunter)                 Turns: 2383, Time: 00:01:00

Health: -1/29      AC:  8    Str: 10    XL:     5   Next: 26%
Magic:  7/7        EV: 11    Int: 14    God:    Okawaru [......]
Gold:   177        SH:  0    Dex: 18    Spells: 4/4 levels left

rFire   . . .        Y - +0 shortbow (flame)
rCold   . . .        (shield currently unavailable)
rNeg    . . .        e - +0 ring mail
rPois   .            (no helmet)
rElec   .            (no cloak)
rCorr   .            g - +2 pair of gloves
SInv    .            (no boots)
Will    .....        (no amulet)
Stlth   +            (no ring)
HPRegen 0.24/turn    (no ring)
MPRegen 0.10/turn

%: no passive effects
@: no status effects
A: no striking features
a: Renounce Religion


You were on level 4 of the Dungeon.
You worshipped Okawaru.
Okawaru was noncommittal.
You visited 1 branch of the dungeon, and saw 4 of its levels.

You collected 177 gold pieces.


   Skills:
 - Level 1.5 Fighting
 + Level 8.7 Ranged Weapons
 - Level 2.4 Dodging
 - Level 1.2 Stealth


You had 4 spell levels left.
You didn't know any spells.
Your spell library was empty.

Inventory:

Hand Weapons
 Y - a +0 shortbow of flaming (weapon)
Armour
 e - a +0 ring mail (worn)
 g - a +2 pair of gloves (worn)
Potions
 a - a potion of brilliance {unknown}
 j - a potion of lignification {unknown}

Dungeon Overview and Level Annotations

Branches:
Dungeon (4/15)
 Temple: D:4-7

Altars:
Ashenzari
Dithmenos
Okawaru
Zin


Message History

The gnoll misses you. The gnoll bouda misses you.
You shoot an arrow. The arrow hits the gnoll.
The arrow burns the gnoll.
You kill the gnoll!
Okawaru accepts your kill. The gnoll completely misses you.
The gnoll hits you with a +0 club.
The gnoll bouda hits you with a +0 club.
2377 ||| DRINKING potion of heal wounds.
You feel much better.
The gnoll hits you from afar with a +0 spear.
The gnoll closely misses you.
The gnoll bouda hits you with a +0 club.
You shoot an arrow. The arrow hits the gnoll.
The arrow burns the gnoll.
The gnoll is almost dead.
The gnoll misses you. The gnoll hits you with a +0 club.
The gnoll bouda misses you.
The gnoll hits you from afar with a +0 spear.
You shoot an arrow. The arrow hits the gnoll.
The arrow burns the gnoll.
You kill the gnoll!
Okawaru accepts your kill.
The gnoll bouda calls upon its god to heal the gnoll.
The gnoll is healed somewhat.
The gnoll hits you from afar with a +0 spear.
You shoot an arrow.
The arrow closely misses the gnoll bouda.
The gnoll bouda hits you but does no damage.
The gnoll hits you from afar with a +0 spear.
You shoot an arrow. The arrow hits the gnoll bouda.
The arrow burns the gnoll bouda.
The gnoll bouda is lightly wounded.
The gnoll bouda hits you but does no damage.
The gnoll misses you.
You shoot an arrow. The arrow hits the gnoll bouda.
The arrow burns the gnoll bouda.
The gnoll bouda is moderately wounded.
The gnoll bouda misses you. The gnoll closely misses you.
You shoot an arrow. The arrow hits the gnoll bouda.
The arrow burns the gnoll bouda.
The gnoll bouda is severely wounded.
The gnoll bouda hits you with a +0 club.
You die...

####################
#..................#
#..................#
#...##..###..##....+
#..%##..#######....#
#.........#..##....##..
#.........#............
#.........#............
#.......).#.@).........
#...##...##g)####+####.
#...##...##g.#
#.........#...
#.........#.).
#.........#....
#....<....#....
#.........#....#
#.........#


You could see a gnoll bouda and a gnoll (swift).

Vanquished Creatures
  Ijyb (D:3)
  4 gnolls (D:4)
  2 worms
  4 dart slugs
  3 orcs (D:3)
  5 ball pythons
  3 bats
  8 endoplasms
  3 giant cockroaches
  11 goblins
  15 hobgoblins
  2 jackals (D:1)
  A quokka (D:1)
  5 frilled lizards
  8 kobolds
  5 rats
80 creatures vanquished.

Notes
Turn   | Place    | Note
-------+----------+-------------------------------------------
     0 | D:1      | qw the Deep Elf Hunter began the quest for the Orb.
     0 | D:1      | Reached XP level 1. HP: 12/12 MP: 3/3
     0 | D:1      | 0 ||| qw: Version: 0.3-a-9-g12657ce
     0 | D:1      | 0 ||| qw: Game counter: 2510
     0 | D:1      | 0 ||| qw: Always use a shield: true
     0 | D:1      | 0 ||| qw: God list: Okawaru
     0 | D:1      | 0 ||| qw: Allow faded altars: false
     0 | D:1      | 0 ||| qw: Do Orc after D:15 true
     0 | D:1      | 0 ||| qw: Do second Lair branch before Depths: true
     0 | D:1      | 0 ||| qw: Lair rune preference: random
     0 | D:1      | 0 ||| qw: Plans: Normal
     0 | D:1      | 0 ||| PLANNING D:1-11
    98 | D:1      | Reached XP level 2. HP: 16/16 MP: 4/4
   103 | D:1      | Reached skill level 6 in Ranged Weapons
   312 | D:1      | Reached XP level 3. HP: 20/20 MP: 5/5
   635 | D:1      | Reached skill level 7 in Ranged Weapons
   933 | D:1      | 933 ||| UPGRADING to +0 scale mail.
   943 | D:1      | 943 ||| DROPPING +0 leather armour.
   944 | D:1      | 944 ||| UPGRADING to +0 ring mail.
   954 | D:1      | 954 ||| DROPPING +0 scale mail.
   955 | D:1      | 955 ||| UPGRADING to +2 pair of gloves.
   960 | D:1      | 960 ||| READING scroll labelled POFATZE NAPOMP.
   961 | D:1      | 961 ||| READING scroll labelled ANKOMO ROIKHLOS.
   962 | D:1      | 962 ||| READING scroll labelled GISHRO EGIOMYL.
  1063 | D:1      | 1063 ||| DROPPING scroll of butterflies.
  1152 | D:2      | 1152 ||| Stepping ~*~*~tactically~*~*~ (outnumbered).
  1155 | D:2      | 1155 ||| Stepping ~*~*~tactically~*~*~ (outnumbered).
  1434 | D:2      | Reached XP level 4. HP: 25/25 MP: 6/6
  1700 | D:2      | 1700 ||| READING scroll labelled IHOTAC LOCW.
  1701 | D:2      | 1701 ||| READING scroll labelled WIATWA ZINKAE.
  1862 | D:3      | Found a broken altar of Ashenzari.
  1944 | D:3      | Found a glowing silver altar of Zin.
  2024 | D:3      | Noticed Ijyb
  2054 | D:3      | Killed Ijyb
  2055 | D:3      | Reached skill level 8 in Ranged Weapons
  2309 | D:3      | Found an iron altar of Okawaru.
  2309 | D:3      | Found a shadowy altar of Dithmenos.
  2310 | D:3      | 2310 ||| PLANNING OKAWARU WORSHIP
  2310 | D:3      | 2310 ||| READING scroll labelled LEBYALEUSS.
  2311 | D:3      | 2311 ||| DRINKING 2 silvery potions.
  2315 | D:3      | Became a worshipper of Warmaster Okawaru
  2316 | D:3      | 2316 ||| PLANNING D:1-11
  2365 | D:4      | Reached XP level 5. HP: 29/29 MP: 7/7
  2376 | D:4      | HP: 2/29 [gnoll bouda/+0 club (6)]
  2377 | D:4      | 2377 ||| DRINKING potion of heal wounds.
  2383 | D:4      | Slain by a gnoll bouda

Levels and vault maps discovered:
D:1:      dpeg_arrival_morbid_curiosity, layout_basic, minmay_pentomino_x2
D:2:      layout_loops_ring, st_stairs_2
D:3:      layout_basic, ashenzari_altar_1, mainiacjoe_overflow_surrounded_room,
          gammafunk_temple_overflow_elements, hangedman_decor_growths, uniq_ijyb
D:4:      layout_gridville, uniq_eustachio

Skill      XL: |  1  2  3  4 |
---------------+-------------+-----
Ranged Weapons | 6 7 8 |  8.7
Fighting       | |  1.5
Dodging        | |  2.4
Stealth        | |  1.2

Action                     |  1- 3 |  4- 6 || total
---------------------------+-------+-------++-------
   Fire: Shortbow          |   151 |    99 ||   250
    Use: Scroll            |     3 |     3 ||     6
         Potion            |       |     2 ||     2
 Armour: Leather armour    |    12 |       ||    12
         Ring mail         |     8 |    25 ||    33
  Dodge: Dodged            |    41 |    27 ||    68

Table legend:
 A = Non-vault XP
 B = Vault XP
 C = Vault XP percentage of total XP
 D = Non-vault monster count
 E = Vault monster count
 F = Vault count percentage of total count
                 A         B        C        D         E       F
            +---------+---------+-------+---------+---------+-------
      Total |     188 |      57 |  23.3 |      70 |      10 |  12.5
            +---------+---------+-------+---------+---------+-------
        D:1 |      58 |      12 |  17.1 |      31 |       7 |  18.4
        D:2 |      39 |       6 |  13.3 |      21 |       2 |   8.7
        D:3 |      31 |      39 |  55.7 |      12 |       1 |   7.7
        D:4 |      60 |       0 |   0.0 |       6 |       0 |   0.0
            +---------+---------+-------+---------+---------+-------
